 Dungeon Crawl Stone Soup version 0.22-a0-389-g8519d86 (webtiles) character file.

245 mortelune the Chopper (level 6, -3/52 HPs)
             Began as a Hill Orc Gladiator on Apr 30, 2018.
             Was an Initiate of Okawaru.
             Slain by a gnoll
             ... wielding a +0 halberd
              (9 damage)
             ... on level 3 of the Dungeon.
             The game lasted 00:06:02 (3276 turns).

mortelune the Chopper (Hill Orc Gladiator)          Turns: 3276, Time: 00:06:03

Health: -3/52      AC:  4    Str: 19    XL:     6   Next: 10%
Magic:  6/6        EV: 12    Int:  8    God:    Okawaru [......]
Gold:   68         SH:  0    Dex: 12    Spells: 5/5 levels left

rFire    . . .     SeeInvis .   a - +0 war axe
rCold    . . .     Gourm    .   (no shield)
rNeg     . . .     Faith    .   k - +0 leather armour
rPois    .         Spirit   .   c - +0 helmet
rElec    .         Reflect  .   (no cloak)
rCorr    .         Harm     .   (no gloves)
MR       .....                  (no boots)
Stlth    +.........             (no amulet)
HPRegen  0.17/turn              g - +1 ring of slaying
MPRegen  0.10/turn              (no ring)

@: no status effects
A: no striking features
a: Renounce Religion


You were on level 3 of the Dungeon.
You worshipped Okawaru.
Okawaru was noncommittal.
You were not hungry.

You visited 1 branch of the dungeon, and saw 3 of its levels.

You collected 68 gold pieces.

Inventory:

Hand Weapons
 a - a +0 war axe (weapon)
 b - a +2 hunting sling of flaming
Missiles
 d - 3 throwing nets (quivered)
 l - 34 stones
Armour
 c - a +0 helmet (worn)
 k - a +0 leather armour (worn)
Jewellery
 g - a +1 ring of slaying (left hand)
Scrolls
 i - 4 scrolls of teleportation
 j - a scroll of fog {unknown}
 m - a scroll of magic mapping {unknown}
 o - a scroll of enchant armour {unknown}
Potions
 e - a potion of lignification
 h - a potion of curing
 n - a potion of agility {unknown}
 r - a potion of haste {unknown}
Comestibles
 f - 5 rations
 p - 12 chunks of flesh


   Skills:
 + Level 4.2 Fighting
 * Level 6.8 Axes
 - Level 1.7 Throwing
 + Level 2.8 Armour
 - Level 2.4 Dodging


You had 5 spell levels left.
You didn't know any spells.

Dungeon Overview and Level Annotations

Branches:
Dungeon (3/15)

Altars:
Gozag
Okawaru
Ru
Zin


Message History

You closely miss the gnoll. The gnoll hits you with a halberd!
* * * LOW HITPOINT WARNING * * *
You slash the gnoll!
The gnoll is heavily wounded.
The gnoll closely misses you. The gnoll hits you but does no damage.
The gnoll throws a throwing net.
The throwing net hits you.
You become entangled in the net!
Things that are here:
a throwing net; an uncursed amulet of faith; 18 gold pieces You tear a large gash into the net.
A gnoll comes into view. It is wielding a club.
You struggle against the net.
The gnoll shouts!
The gnoll hits you from afar with a halberd!
* * * LOW HITPOINT WARNING * * *
You rip the net and break free!
It was a potion of curing.
You feel better.
The gnoll hits you from afar with a halberd!
You die...

........... ..#
############..# # #######
#..# # #.....# #..#
###.....####..#
..'.....'[....#####
###.....##.........
#.....++.....############
#.....##......@.g)......#
##...###...#...#####..?.#
###.# #...#..g.... ..#
..# #...##.#.### # ..#
#.......... #....#####..
##+#.. ... #.. ..


You could see 2 gnolls.

Vanquished Creatures
  A sky beast (D:2)
  A scorpion (D:2)
  A gnoll (D:3)
  3 adders (D:2)
  A worm (D:2)
  2 dart slugs
  2 leopard geckos
  An orc (D:3)
  2 ball pythons
  4 bats
  2 giant cockroaches (D:1)
  7 goblins
  6 hobgoblins
  9 kobolds
  2 quokkas (D:2)
  2 frilled lizards
  18 rats
64 creatures vanquished.

Notes
Turn   | Place    | Note
-------+----------+-------------------------------------------
     0 | D:1      | mortelune the Hill Orc Gladiator began the quest for the Orb.
     0 | D:1      | Reached XP level 1. HP: 18/18 MP: 1/1
    69 | D:1      | Reached XP level 2. HP: 24/25 MP: 2/2
   793 | D:1      | Reached skill level 1 in Armour
  1156 | D:1      | Reached XP level 3. HP: 30/30 MP: 3/3
  1498 | D:2      | Reached skill level 5 in Axes
  1969 | D:2      | Noticed a scorpion
  1981 | D:2      | Killed a scorpion
  1981 | D:2      | Reached XP level 4. HP: 32/38 MP: 4/4
  2239 | D:2      | Reached skill level 6 in Axes
  2239 | D:2      | Reached XP level 5. HP: 44/45 MP: 5/5
  2274 | D:2      | Noticed a sky beast
  2290 | D:2      | HP: 2/45 [something (5)]
  2295 | D:2      | Killed a sky beast
  2834 | D:3      | Reached XP level 6. HP: 52/52 MP: 6/6
  2919 | D:3      | Found an opulent altar of Gozag.
  2923 | D:3      | Found a sacrificial altar of Ru.
  2923 | D:3      | Found an iron altar of Okawaru.
  2923 | D:3      | Found a glowing silver altar of Zin.
  2947 | D:3      | Became a worshipper of Warmaster Okawaru
  3274 | D:3      | HP: 1/52 [gnoll/halberd (10)]
  3276 | D:3      | Slain by a gnoll

Vault maps used:
D:1:      onia_arrival_larder
D:2:      first_ration, minmay_pentomino_v4
D:3:      grunt_temple_overflow_open, nicolae_ru_the_path_less_chosen,
          uniq_sigmund

Skill      XL: |  1  2  3  4  5 |
---------------+----------------+-----
Armour         | 1 2 |  2.8
Fighting       | 3 4 |  4.2
Axes           | 5 6 |  6.8
Throwing       | |  1.7
Dodging        | |  2.4

Action                   |  1- 3 |  4- 6 || total
-------------------------+-------+-------++-------
Melee: War axe           |    70 |    75 ||   145
 Fire: Hunting sling     |    30 |    16 ||    46
  Use: Scroll            |       |     2 ||     2
       Potion            |       |     1 ||     1
 Stab: Sleeping          |     3 |       ||     3
  Eat: Chunk             |     3 |     4 ||     7
Armor: Leather armour    |    31 |    18 ||    49
Dodge: Dodged            |    53 |    42 ||    95

Table legend:
 A = Spawn XP
 B = Non-spawn XP
 C = Spawn XP percentage of total XP
 D = Spawn monster count
 E = Non-spawn monster count
 F = Spawn count percentage of total count
 G = Total turns spent on level
                    A         B        C        D         E        F      G
               +---------+---------+-------+---------+---------+-------+---------
         Total |       0 |     350 |   0.0 |       0 |      64 |   0.0 |  3276
               +---------+---------+-------+---------+---------+-------+---------
           D:1 |       0 |      34 |   0.0 |       0 |      22 |   0.0 |  1267
           D:2 |       0 |     283 |   0.0 |       0 |      29 |   0.0 |  1563
           D:3 |       0 |      33 |   0.0 |       0 |      13 |   0.0 |   446
               +---------+---------+-------+---------+---------+-------+---------
